 Dungeon Crawl Stone Soup version 0.24.0-123-gd5b16e6ec5 (webtiles) character file.

Game seed: 18381006391468311937, levelgen mode: deterministic

62 Bergy the Cudgeler (level 4, 0/28 HPs)
             Began as a Gargoyle Fighter on Dec 25, 2019.
             Slain by Sigmund
             ... wielding a +2 scythe of slicing
              (1 damage)
             ... on level 3 of the Dungeon.
             The game lasted 00:03:47 (1559 turns).

Bergy the Cudgeler (Gargoyle Fighter)               Turns: 1559, Time: 00:03:47

Health: 0/28       AC: 10    Str: 26    XL:     4   Next: 8%
Magic:  4/4        EV:  7    Int:  8    God:
Gold:   71         SH:  9    Dex:  9    Spells: 3/3 levels left

rFire    . . .     SeeInvis .   a - +0 flail
rCold    . . .     Gourm    .   c - +0 shield
rNeg     + . .     Faith    .   b - +0 scale mail
rPois    ∞         Spirit   .   (no helmet)
rElec    +         Reflect  .   (no cloak)
rCorr    .         Harm     .   (no gloves)
MR       .....                  (no boots)
Stlth    ..........             (no amulet)
HPRegen  0.09/turn              (no ring)
MPRegen  0.09/turn              (no ring)

@: mighty
A: negative energy resistance 1, electricity resistance, unbreathing,
petrification resistance, rot immunity, AC +3
a: no special abilities


You were on level 3 of the Dungeon.
You were not hungry.

You visited 1 branch of the dungeon, and saw 3 of its levels.

You collected 71 gold pieces.

Inventory:

Hand Weapons
 a - a +0 flail (weapon)
Armour
 b - a +0 scale mail (worn)
 c - a +0 shield (worn)
Jewellery
 p - an uncursed amulet of the acrobat {unknown}
Scrolls
 e - 3 scrolls of identify {unknown}
 i - a scroll of enchant armour {unknown}
 j - 2 scrolls of magic mapping {unknown}
 k - 2 scrolls of remove curse {unknown}
 m - 2 scrolls of teleportation {unknown}
 s - a scroll of immolation {unknown}
Potions
 d - a potion of might
 g - a potion of haste {unknown}
 h - 2 potions of berserk rage {unknown}
 l - 3 potions of lignification {unknown}
 n - a potion of agility {unknown}
 o - a potion of curing {unknown}
 q - a potion of ambrosia {unknown}
Comestibles
 f - 4 rations


   Skills:
 - Level 3.2 Fighting
 * Level 4.2 Maces & Flails
 - Level 3.2 Armour
 - Level 3.2 Shields


You had 3 spell levels left.
You didn't know any spells.
Your spell library was empty.

Dungeon Overview and Level Annotations

Branches:
Dungeon (3/15)

Altars:
Cheibriados
Kikubaaqudgha
Nemelex Xobeh

Annotations:
D:3 Sigmund


Innate Abilities, Weirdness & Mutations

You are resistant to torment.
Your stone body is resilient. (AC +3)
You are immune to poison.
You resist negative energy. (rN+)
You are resistant to electric shocks. (rElec)
You can survive without breathing.
You are immune to petrification.
You are immune to rotting.


Message History

Your shield and scale mail prevent you from hitting the orc.
You block the rat's attack. The orc hits you but does no damage.
You block the orc's attack. The rat bites you but does no damage.
You completely miss the orc. You block Sigmund's attack.
The orc hits you with a +0 club. The orc hits you with a +0 war axe.
The rat bites you but does no damage. You block the orc's attack.
You closely miss the orc.
Sigmund hits you from afar with a +2 scythe of slicing!
* * * LOW HITPOINT WARNING * * *
x2 The orc hits you with a +0 war axe.
* * * LOW HITPOINT WARNING * * *
You block the rat's attack. You block the orc's attack.
You sock the orc!
You kill the orc!
The rat completely misses you.
Sigmund is suddenly surrounded by pale green light.
Sigmund closely misses you. You block the orc's attack.
You barely miss the rat. You block the rat's attack. The orc barely misses you.
Sigmund hits you from afar with a +2 scythe of slicing.
You die...

....#....#######.#
#+⌠.⌠.#...)......
#.._..#.###.###.#
##⌠.⌠.....# #
#..#.#.###.#.# #.
#.#÷.......
#.#.#........
#...#r###.###
#...@# .. #..o)#
## ##.#.@....o.
...#?......o
.......#.#.###
..... ..#.# ..
######..### ##
##.. #..


You could see Sigmund, an orc and a rat.

Vanquished Creatures
  A gnoll (D:1)
  2 dart slugs
  2 leopard geckos
  3 orcs (D:3)
  2 giant cockroaches
  3 goblins
  6 hobgoblins
  5 jackals
  A quokka (D:2)
  2 ball pythons
  A bat (D:3)
  3 frilled lizards
  2 kobolds
  7 rats
40 creatures vanquished.

Notes
Turn   | Place    | Note
-------+----------+-------------------------------------------
     0 | D:1      | Bergy the Gargoyle Fighter began the quest for the Orb.
     0 | D:1      | Reached XP level 1. HP: 14/14 MP: 1/1
   208 | D:1      | Reached XP level 2. HP: 17/19 MP: 2/2
   290 | D:1      | Reached skill level 3 in Maces & Flails
   467 | D:1      | Reached XP level 3. HP: 23/23 MP: 3/3
  1132 | D:2      | Found an ancient bone altar of Kikubaaqudgha.
  1312 | D:2      | Reached skill level 4 in Maces & Flails
  1497 | D:3      | Found a snail-covered altar of Cheibriados.
  1514 | D:3      | Found a sparkling altar of Nemelex Xobeh.
  1548 | D:3      | Reached XP level 4. HP: 21/28 MP: 4/4
  1550 | D:3      | Noticed Sigmund
  1557 | D:3      | HP: 1/28 [orc/+0 war axe (3)]
  1559 | D:3      | Slain by Sigmund

Levels and vault maps discovered:
D:1:      tarquinn_simple_flora_water_a, layout_basic, minmay_misc_feat_room,
          minivault_23, minmay_liquid_box, minivault_5, chequers_mini_garden
D:2:      layout_rooms, overflow_temple_1_default, minmay_misc_feat_enclosed
D:3:      layout_basic, kennysheep_slug_shrine,
          nemelex_xobeh_ov_fountains_minmay, lightli_sewer_entry_pipes,
          first_ration, minmay_misc_feat_nine_boxes, uniq_sigmund

Skill      XL: |  1  2  3 |
---------------+----------+-----
Maces & Flails | 3 4 |  4.2
Fighting       | |  3.2
Armour         | |  3.2
Shields        | |  3.2

Action                   |  1- 3 |  4- 6 || total
-------------------------+-------+-------++-------
Melee: Flail             |   135 |    10 ||   145
  Use: Potion            |       |     1 ||     1
  Eat: Chunk             |     2 |       ||     2
Armor: Scale mail        |    80 |     7 ||    87
Dodge: Dodged            |    44 |     9 ||    53
Block: Shield            |    79 |    12 ||    91
